 Dungeon Crawl Stone Soup version 0.25.1-2-g60ff931df9 (webtiles) character file.

Game seed: 8409908332244601077

606 hawla the Covered (level 7, -5/61 HPs)
             Began as a Minotaur Fighter on Oct 22, 2020.
             Slain by Blork the orc
             ... wielding a +6 dire flail of draining
              (6 damage)
             ... on level 4 of the Dungeon.
             The game lasted 00:07:35 (3539 turns).

hawla the Covered (Minotaur Fighter)                Turns: 3539, Time: 00:07:35

Health: -5/61      AC:  0    Str: 23    XL:     7   Next: 19%
Magic:  6/6        EV: 14    Int:  5    God:
Gold:   230        SH:  0    Dex:  9    Spells: 6/6 levels left

rFire    . . .     SeeInvis .   (weapon currently unavailable)
rCold    . . .     Gourm    .   (shield currently unavailable)
rNeg     . . .     Faith    .   (armour currently unavailable)
rPois    .         Spirit   .   (helmet currently unavailable)
rElec    .         Reflect  .   (cloak currently unavailable)
rCorr    .         Harm     .   (gloves currently unavailable)
MR       .....                  (boots currently unavailable)
Stlth    +.........             (no amulet)
HPRegen  0.20/turn              (ring currently unavailable)
MPRegen  0.10/turn              (ring currently unavailable)

@: about to teleport, pig-form, heavily drained, very quick
A: small, (retaliatory headbutt)
a: no special abilities


You were on level 4 of the Dungeon.
You were not hungry.
You were a filthy swine.
You visited 1 branch of the dungeon, and saw 4 of its levels.

You collected 230 gold pieces.

Inventory:

Hand Weapons
 a - a +0 long sword (melded)
 e - a +1 short sword of holy wrath
Missiles
 c - 9 boomerangs (quivered)
 n - 24 poisoned darts
Armour
 h - a +0 chain mail (melded)
 r - a scarf of harm (melded)
Jewellery
 p - a ring of protection from cold (melded)
Wands
 g - a wand of paralysis (2)
 u - a wand of random effects (2)
Scrolls
 q - a scroll of fog
Potions
 d - a potion of might
 i - a potion of flight
 l - a potion of resistance {unknown}
 m - a potion of berserk rage {unknown}
 o - a potion of haste {unknown}
 s - 2 potions of cancellation {unknown}
 t - a potion of lignification {unknown}
 v - a potion of experience {unknown}
Comestibles
 b - 5 chunks of flesh
 f - 4 rations


   Skills:
 + Level 5.1(2.4) Fighting
 + Level 0.9(0.7) Short Blades
 + Level 5.7(3.0) Long Blades
 + Level 6.0(3.2) Armour
 * Level 3.7(1.1) Dodging
 + Level 0.5(0.0) Stealth
   Level 3.6(1.0) Shields


You had 6 spell levels left.
You didn't know any spells.
Your spell library was empty.

Dungeon Overview and Level Annotations

Branches:
Dungeon (4/15)
 Temple: D:4-7

Altars:
Sif Muna
Uskayaw
Yredelemnul

Shops:
D:4 }!

Annotations:
D:4 Blork the orc


Innate Abilities, Weirdness & Mutations

((You reflexively headbutt those who attack you in melee.))
((You have a pair of horns on your head.))


Message History

Evoke which item? (* to show all) (? for menu, Esc to quit)
Aiming: Random Effects
Press: ? - help, Shift-Dir - straight line Nothing appears to happen.
Something barely misses you.
Items here: )) [ † a +3 flail of protection; a +0 leather armour; a +0 dagger; an orc corpse You closely miss something.
Something hits you.
You feel drained.
You hit something. Something hits you!!
* * * LOW HITPOINT WARNING * * *
You feel drained.
* * * LOW HITPOINT WARNING * * *
It was a potion of curing.
You feel better. Something hits you!
* * * LOW HITPOINT WARNING * * *
You feel drained.
* * * LOW HITPOINT WARNING * * *
Unknown command.
As you read the scroll of teleportation, it crumbles to dust.
You feel strangely unstable. Something hits you.
You die...

#.#............ >#
# #..............
. #
###.............
####o..#####.#
#.......###.######
#.#.÷.......##....
#)##.#.≈)≈####.###
#{##..≈≈.≈≈###.###
#h##.#≈≈∩≈≈.......
#)##.#≈≈≈≈≈###.##.
#......≈≈≈..##.###
.....######.##....
......# ..#####
.......# ..#
........# .#
.........#
#.......#.# #


There were no monsters in sight!

Vanquished Creatures
  Eustachio (D:4)
  A centaur (D:3)
  A bullfrog (D:4)
  A hound (D:4)
  Natasha (twice) (D:4)
  2 worker ants (D:4)
  10 adders
  A gnoll (D:1)
  An ooze (D:1)
  3 worms (D:2)
  3 dart slugs
  A leopard gecko (D:3)
  11 orcs
  2 ball pythons
  9 bats
  2 giant cockroaches (D:4)
  5 goblins
  10 hobgoblins
  A jackal (D:2)
  2 quokkas (D:3)
  5 frilled lizards
  10 kobolds
  4 rats
  A spectral orc (D:3)
89 creatures vanquished.

Notes
Turn   | Place    | Note
-------+----------+-------------------------------------------
     0 | D:1      | hawla the Minotaur Fighter began the quest for the Orb.
     0 | D:1      | Reached XP level 1. HP: 19/19 MP: 0/0
   143 | D:1      | Reached skill level 1 in Dodging
   143 | D:1      | Reached XP level 2. HP: 12/27 MP: 1/1
   358 | D:1      | Reached skill level 4 in Armour
   480 | D:1      | Reached XP level 3. HP: 33/33 MP: 2/2
  1006 | D:2      | Reached XP level 4. HP: 40/40 MP: 3/3
  2150 | D:3      | Found a shimmering blue altar of Sif Muna.
  2162 | D:3      | Noticed a centaur
  2167 | D:3      | Killed a centaur
  2167 | D:3      | Reached skill level 5 in Armour
  2167 | D:3      | Reached XP level 5. HP: 28/47 MP: 4/4
  2877 | D:3      | Found a basalt altar of Yredelemnul.
  3165 | D:3      | Found a hide-covered altar of Uskayaw.
  3210 | D:4      | Found Galairawn's Distillery.
  3240 | D:4      | Reached XP level 6. HP: 53/53 MP: 5/5
  3250 | D:4      | Found Zoptaps's Gadget Shoppe.
  3260 | D:4      | Noticed Eustachio
  3280 | D:4      | Killed Eustachio
  3280 | D:4      | Reached skill level 5 in Fighting
  3280 | D:4      | Reached skill level 5 in Long Blades
  3423 | D:4      | Noticed Natasha
  3429 | D:4      | Killed Natasha
  3429 | D:4      | Reached XP level 7. HP: 59/61 MP: 6/6
  3441 | D:4      | Noticed Natasha
  3449 | D:4      | Killed Natasha
  3503 | D:4      | Noticed Blork the orc
  3526 | D:4      | Reached skill level 6 in Armour
  3538 | D:4      | HP: 1/61 [something (5)]
  3539 | D:4      | Slain by Blork the orc

Illustrated notes

Levels and vault maps discovered:
D:1:      evilmike_arrival_crescent, layout_loops_cross
D:2:      layout_loops_corners, minmay_between
D:3:      layout_loops_cross, yredelemnul_forgotten_temple_becter,
          lemuel_doored_altar, lemuel_coloured_pillars_altar, first_ration,
          minmay_misc_feat_more_columns, st_stairs_5
D:4:      layout_loops_cross, serial_shops, nicolae_shop_waterfront, shop,
          nicolae_shop_stone, uniq_eustachio, uniq_sigmund, uniq_blork_the_orc,
          uniq_natasha

Skill      XL: |  1  2  3  4  5  6  7 |
---------------+----------------------+-----
Dodging        | 1 2 3 |  3.7
Fighting       | 4 5 |  5.1
Long Blades    | 3 4 5 |  5.7
Armour         | 4 5 6 |  6.0
Short Blades   | |  0.9
Stealth        | |  0.5
Shields        | |  3.6

Action                   |  1- 3 |  4- 6 |  7- 9 || total
-------------------------+-------+-------+-------++-------
Melee: Long sword        |    42 |   152 |    17 ||   211
       Headbutt          |    11 |    28 |     5 ||    44
       Short sword       |    37 |       |       ||    37
       Unarmed           |       |       |     5 ||     5
Evoke: Wand              |       |       |     1 ||     1
  Use: Scroll            |     1 |     5 |     1 ||     7
       Potion            |       |       |     2 ||     2
  Eat: Chunk             |       |     8 |     1 ||     9
Armor: Scale mail        |    31 |       |       ||    31
       Chain mail        |    14 |    97 |     7 ||   118
Dodge: Dodged            |    23 |    74 |    11 ||   108
Block: Kite shield       |    20 |       |       ||    20
       Rpst.: Long sword |     5 |    19 |     4 ||    28
